 Dungeon Crawl Stone Soup version 0.31-a0-233-g139696dc86 (webtiles) character file.

Game seed: 10181360504705738265

11 benadryl the Sneak (level 2, 0/24 HPs)
             Began as a Merfolk Delver on July 8, 2023.
             Succumbed to an adder's poison
             ... on level 4 of the Dungeon.
             The game lasted 00:00:16 (73 turns).

benadryl the Sneak (Merfolk Delver)                   Turns: 73, Time: 00:00:16

Health: 0/24       AC:  3    Str: 12    XL:     2   Next: 25%
Magic:  2/2        EV: 12    Int:  9    God:
Gold:   0          SH:  0    Dex: 15    Spells: 1/1 levels left

rFire   . . .        a - +0 spear
rCold   . . .        (no shield)
rNeg    . . .        b - +0 leather armour
rPois   .            (no helmet)
rElec   .            (no cloak)
rCorr   .            (no gloves)
SInv    .            (no boots)
Will    .....        (no amulet)
Stlth   +++          (no ring)
HPRegen 0.24/turn    (no ring)
MPRegen 0.08/turn

%: no passive effects
@: lethally poisoned (0 -> -7), hasted, very quick
A: (nimble swimmer 2), mertail
a: no special abilities


You were on level 4 of the Dungeon.
You visited 1 branch of the dungeon, and saw 2 of its levels.

Inventory:

Hand Weapons
 a - a +0 spear (weapon)
Armour
 b - a +0 leather armour (worn)
Wands
 g - a wand of digging (3)
Scrolls
 c - a scroll of fog
 d - a scroll of revelation
 e - a scroll of fear


   Skills:
 + Level 3.5 Fighting
 * Level 3.5 Polearms
 - Level 2.6 Dodging
 - Level 5.4 Stealth


You had one spell level left.
You didn't know any spells.
Your spell library was empty.

Dungeon Overview and Level Annotations

Branches:
Dungeon (5/15)
 Temple: D:4-7

Altars:


Innate Abilities, Weirdness & Mutations

((You are very nimble when in or above water. (Stealth+, EV+, Speed+++)))
Your lower body shifts to a powerful aquatic tail in water.


Message History

You closely miss the adder.
The adder is moderately wounded.
You feel sick. The adder bites you.
You hit the adder.
The adder is heavily wounded.
You feel sick. The adder closely misses you.
You feel yourself speed up.
You feel sick.
You are no longer poisoned.
The adder misses you. The adder closely misses you.
You hit the adder.
The adder is severely wounded.
You barely miss the adder.
The adder is severely wounded.
The adder bites you.
You barely miss the adder.
The adder is severely wounded.
The adder misses you.
You closely miss the adder.
The adder is severely wounded.
The adder bites you.
* * * LOW HITPOINT WARNING * * *
You are lethally poisoned!
The adder poisons you!
You hit the adder.
The adder is almost dead.
* * * LOW HITPOINT WARNING * * *
You feel sick. The adder bites you.
* * * LOW HITPOINT WARNING * * *
You are more poisoned.
The adder poisons you!
You hit the adder.
You kill the adder!
* * * LOW HITPOINT WARNING * * *
You feel sick.
Your Polearms skill increases to level 3!
You have reached level 2!
You aren't carrying any potions.
A worm comes into view.
Found 6 gold pieces.
You die...

#. ... ... .. ~
..#.. #~# #.#.
w~.~ ... .....
#.# #
......##.##.#
#?....@....#
$....###.########
##..............#
(.#.#####.####.#
#.# #.# #$# #.#
#.# #.# #.####.#
#$..##.#


You could see a worm (asleep).

Vanquished Creatures
  An adder (D:4)
  A hobgoblin (D:4)
2 creatures vanquished.

Notes
Turn   | Place    | Note
-------+----------+-------------------------------------------
     0 | D:5      | benadryl the Merfolk Delver began the quest for the Orb.
     0 | D:5      | Reached XP level 1. HP: 18/18 MP: 1/1
    73 | D:4      | Reached XP level 2. HP: 1/24 MP: 2/2
    73 | D:4      | Succumbed to an adder's poison

Illustrated notes

Levels and vault maps discovered:
D:4:      layout_loops_ring, makhleb_heckhound_becter, serial_shops,
          nicolae_shop_back_alley_shop, lightli_sewer_entry_pipes,
          minmay_shop_mayhem, st_stairs_11, serial_park_tiny_1, uniq_edmund
D:5:      layout_rooms, mainiacjoe_overflow_cross_hatched,
          minmay_temple_entry_mist, serial_shops, kennysheep_mini_moat,
          interstate_on_off, uniq_blork_the_orc

Skill      XL: |  1 |
---------------+----+-----
Polearms       | 3 |  3.5
Fighting       | |  3.5
Dodging        | |  2.6
Stealth        | |  5.4

Action                     || total
---------------------------++-------
  Melee: Spear             ||    19
    Use: Potion            ||     1
   Stab: Sleeping          ||     2
 Armour: Leather armour    ||     2
  Dodge: Dodged            ||     9

Table legend: (Time is in decaauts)
 A = Elapsed time spent in this place.
 B = Non-inter-level travel time spent in this place.
 C = Inter-level travel time spent in this place.
 D = Time resting spent in this place.
 E = Time spent auto-exploring this place.
 F = Levels seen in this place.
 G = Mean time per level.
                   A        B        C        D        E       F      G
               +--------+--------+--------+--------+--------+-----+--------+
         Total |     70 |     70 |      0 |      0 |     42 |   2 |   35.0 |
       Dungeon |     70 |     70 |      0 |      0 |     42 |   2 |   35.0 |
               +--------+--------+--------+--------+--------+-----+--------+

Top non-repeatable levels by time:
     D:4: 67 daAuts
     D:5: 3 daAuts
